 Dungeon Crawl Stone Soup version 0.27.1-4-g1640c2035a (webtiles) character file.

Game seed: 122559920483408435

256 croobank the Skirmisher (level 6, -3/39 HPs)
             Began as a Gargoyle Berserker on Nov 16, 2021.
             Was a Priest of Trog.
             Splashed by a jelly's acid (10 damage)
             ... on level 4 of the Dungeon on Nov 17, 2021.
             The game lasted 00:19:41 (4629 turns).

croobank the Skirmisher (Gargoyle Berserker)        Turns: 4629, Time: 00:20:05

Health: -3/39      AC:  1    Str: 22    XL:     6   Next: 15%
Magic:  6/6        EV: 12    Int:  8    God:    Trog [***...]
Gold:   181        SH:  0    Dex:  9    Spells: 5/5 levels left

rFire    . . .     SeeInvis .   g - +3 short sword
rCold    . . .     Faith    .   (no shield)
rNeg     + . .     Spirit   .   (no armour)
rPois    ∞         Reflect  .   (no helmet)
rElec    +         Harm     .   r - +0 cloak
rCorr    .         Rampage  .   (no gloves)
Will     .....                  (no boots)
Stlth    +.........             (no amulet)
HPRegen  0.13/turn              (no ring)
MPRegen  0.10/turn              (no ring)

@: corroded
A: sickness immunity, AC +4, negative energy resistance 1, electricity
resistance, torment resistance 1, petrification resistance
a: Renounce Religion, Berserk, Trog's Hand


You were on level 4 of the Dungeon.
You worshipped Trog.
Trog was most pleased with you.
You visited 1 branch of the dungeon, and saw 5 of its levels.

You collected 181 gold pieces.

Inventory:

Hand Weapons
 a - a +0 hand axe
 g - a +3 short sword (weapon)
 j - a +0 shortbow
 l - a +1 dagger of speed
 n - a +0 dagger of flaming
 v - a +1 flail of protection
Missiles
 h - 160 stones (quivered)
 s - 12 poisoned darts
Armour
 k - a +0 ring mail
 r - a +0 cloak (worn)
 t - a +0 plate armour
Magical Staves
 c - a staff of conjuration
Wands
 e - a wand of charming (7)
 p - a wand of iceblast (6)
Scrolls
 f - a scroll of immolation
 i - a scroll of magic mapping {unknown}
 m - 2 scrolls of blinking
 u - a scroll of fog {unknown}
 x - a scroll of teleportation {unknown}
Potions
 b - a potion of mutation
 d - 3 potions of lignification
 o - a potion of flight
 q - a potion of attraction
 w - a potion of brilliance {unknown}


   Skills:
 + Level 4.4 Fighting
 * Level 3.1 Short Blades
 - Level 3.4 Axes
 + Level 2.9 Armour
 + Level 2.2 Dodging
 + Level 0.4 Stealth


You had 5 spell levels left.
You didn't know any spells.
Your spell library contained the following spells:

 Spells                   Type           Power      Damage    Failure   Level
 Animate Dead             Necr           0%         N/A       99%         4
 Haunt                    Necr/Summ      0%         N/A       100%        7
 Infestation              Necr           0%         N/A       100%        8


Dungeon Overview and Level Annotations

Branches:
Dungeon (5/15)
 Temple: D:4-7

Altars:
Kikubaaqudgha
Okawaru
Sif Muna
Uskayaw
Wu Jian
The Shining One

Shops:
D:3 *


Innate Abilities, Weirdness & Mutations

You are immune to sickness and miasma.
Your stone body is resilient. (AC +4)
You are immune to poison.
You resist negative energy. (rN+)
You are resistant to electric shocks. (rElec)
You are resistant to unholy torment.
You are immune to petrification.


Message History

You see here a +0 club.
x - a scroll labelled BOISOTONOSM You see here a +0 hand axe.
You see here a +0 spear.
You see here a +0 hand axe.
You see here a +0 club.
You see here a +0 falchion.
You see here a +0 club.
You see here a +0 falchion.
You see here a +0 spear.
Found a club.
Found 13 stones.
A ball python comes into view.
Found an escape hatch in the ceiling.
You see here 13 stones.
h - 160 stones (gained 13)
The ball python bites you but does no damage.
The ball python barely misses you.
You barely miss the ball python. The ball python barely misses you.
The ball python closely misses you.
You puncture the ball python!
You kill the ball python!
Trog accepts your kill.
Found two altars.
A jelly comes into view.
The jelly quivers.
The jelly hits you.
You are splashed with acid!
You puncture the jelly!
Your hands burn!
The jelly is heavily wounded.
The jelly barely misses you.
You hit the jelly.
Your hands burn!
The jelly is almost dead.
The jelly hits you. The acid corrodes you!
You are splashed with acid!
You hit the jelly.
Your hands burn!
* * * LOW HITPOINT WARNING * * *
The jelly is almost dead.
The jelly hits you.
* * * LOW HITPOINT WARNING * * *
The acid corrodes you!
You are splashed with acid!
You die...

#....##.......## ##..###)##......
#..............# ##...#####.....#
..##...........###...####...##..#
.##............##......#...##...#
##.............#......<...##..###
###.........#####.##########...#
#........##8# ♣.♣ ## #....
###.....##...##.##...## ###...
##......#_..J@......._###.....
#.......##...##♣##...##.......
#.........##8#######8#####.....
#..........###.....###..##.....
#...#......#.#...###...........
#####.....###....##............
####......##.##.....###....
##........##............
##<.....###....#.......


You could see a jelly.

Vanquished Creatures
  An ogre (D:4)
  5 gnolls
  An adder (D:2)
  An ufetubus (D:4)
  A worm (D:3)
  3 dart slugs
  8 orcs (D:3)
  5 ball pythons
  2 bats
  10 endoplasms
  3 giant cockroaches
  10 goblins
  5 hobgoblins
  4 jackals (D:2)
  4 quokkas
  4 frilled lizards
  4 kobolds
  A quokka skeleton (D:4)
  7 rats
79 creatures vanquished.

Notes
Turn   | Place    | Note
-------+----------+-------------------------------------------
     0 | D:1      | croobank the Gargoyle Berserker began the quest for the
                  | Orb.
     0 | D:1      | Reached XP level 1. HP: 14/14 MP: 1/1
   289 | D:1      | Reached XP level 2. HP: 15/19 MP: 2/2
   465 | D:1      | Found a faded altar of an unknown god.
   491 | D:1      | Reached XP level 3. HP: 10/24 MP: 3/3
  1505 | D:1      | Reached skill level 4 in Fighting
  1891 | D:2      | Reached ** piety under Trog
  1941 | D:2      | Reached XP level 4. HP: 29/29 MP: 4/4
  1948 | D:2      | Reached skill level 1 in Short Blades
  1963 | D:2      | Found an ancient bone altar of Kikubaaqudgha.
  2674 | D:3      | Noticed a +0 short sword
  2674 | D:3      | Noticed a +0 dagger
  2674 | D:3      | Noticed a +0 falchion
  2680 | D:3      | Noticed a +0 falchion
  2681 | D:3      | Noticed a +0 dagger
  2681 | D:3      | Noticed a +0 short sword
  2681 | D:3      | Noticed a +0 spear
  2683 | D:3      | Noticed a +0 spear
  2694 | D:3      | Found a hide-covered altar of Uskayaw.
  3148 | D:3      | Found Luf Odwo's Assorted Antiques.
  3344 | D:3      | Found a glowing golden altar of the Shining One.
  3668 | D:4      | Noticed an ogre
  3675 | D:4      | Killed an ogre
  3676 | D:4      | Reached XP level 5. HP: 32/33 MP: 5/5
  3837 | D:4      | HP: 1/33 [orc (5)]
  3854 | D:5      | Entered Level 5 of the Dungeon
  4195 | D:4      | Found an ancient bone altar of Kikubaaqudgha.
  4236 | D:4      | Reached XP level 6. HP: 19/39 MP: 6/6
  4238 | D:4      | Reached *** piety under Trog
  4519 | D:4      | Found an iron altar of Okawaru.
  4623 | D:4      | Found an ornate altar of the Wu Jian Council.
  4623 | D:4      | Found a shimmering blue altar of Sif Muna.
  4629 | D:4      | Splashed by a jelly's acid

Illustrated notes

Levels and vault maps discovered:
D:1:      dpeg_arrival_tiny_h, layout_basic, hellmonk_ecumenical_altar_blasted,
          minmay_misc_feat_more_columns, grunt_decor_mini_mirrors
D:2:      layout_loops_corners, basic_altar
D:3:      layout_loops_ring, nicolae_uskayaw_en_pointe,
          nicolae_overflow_crystal_walls, serial_shops, shop, chequers_arboretum
D:4:      layout_cave_pools, okawaru_ov_weapons_minmay,
          nicolae_kikubaaqudgha_miasma_corner, amethyst_overflow_temple_binary
D:5:      layout_gridville

Skill      XL: |  1  2  3  4  5 |
---------------+----------------+-----
Axes           | 3 |  3.4
Fighting       | 4 |  4.4
Short Blades   | 2 3 |  3.1
Dodging        | 2 |  2.2
Armour         | |  2.9
Stealth        | |  0.4

Action                   |  1- 3 |  4- 6 || total
-------------------------+-------+-------++-------
Melee: Hand axe          |    48 |       ||    48
       Short sword       |    55 |   148 ||   203
Invok: Berserk           |       |     2 ||     2
Evoke: Wand              |       |     2 ||     2
  Use: Scroll            |       |     6 ||     6
Armor: Animal skin       |    23 |    11 ||    34
       Ring mail         |       |    38 ||    38
       Skin              |       |     1 ||     1
Dodge: Dodged            |    50 |    86 ||   136
